 Dungeon Crawl Stone Soup version 0.21-a0-70-g32e1473 (console) character file.

71 removed the Insei (level 4, 25/33 HPs)
             Began as a Demonspawn Gladiator on June 18, 2017.
             Quit the game on level 2 of the Dungeon.
             The game lasted 00:01:56 (1726 turns).

removed the Insei (Demonspawn Gladiator)            Turns: 1726, Time: 00:01:57

Health: 25/33      AC:  4    Str: 15    XL:     4   Next: 5%
Magic:  4/4        EV: 12    Int:  9    God:
Gold:   44         SH:  0    Dex: 15    Spells: 3/3 levels left

rFire    . . .     SeeInvis .     - Unarmed
rCold    . . .     Gourm    +   (no shield)
rNeg     . . .     Faith    .   a - +0 leather armour
rPois    .         Spirit   .   i - +0 helmet
rElec    .         Reflect  .   (no cloak)
rCorr    .         Harm     .   (no gloves)
MR       +....                  (no boots)
Stlth    +++.......             q - amulet of the gourmand
HPRegen  0.11/turn              g - ring of protection from magic
MPRegen  0.09/turn              u - ring of stealth

@: mildly poisoned (25 -> 22)
A: talons 1, nightstalker 1
a: no special abilities


You were on level 2 of the Dungeon.
You were not hungry.

You visited 1 branch of the dungeon, and saw 2 of its levels.

You collected 44 gold pieces.

Inventory:

Missiles
 c - 3 throwing nets (quivered)
 h - 8 curare-tipped needles
Armour
 a - a +0 leather armour (worn)
 b - a +0 helmet
 i - a +0 helmet (worn)
Jewellery
 g - a ring of protection from magic (left hand)
 q - an amulet of the gourmand (around neck)
 u - a ring of stealth (right hand)
Scrolls
 j - a scroll of remove curse {unknown}
 k - a scroll of enchant armour {unknown}
 l - a scroll of identify {unknown}
 n - a scroll of magic mapping {unknown}
 s - 2 scrolls of fog {unknown}
Potions
 o - a potion of ambrosia {unknown}
 r - a potion of mutation {unknown}
 t - 2 potions of curing {unknown}
Comestibles
 d - a bread ration
 f - a meat ration


   Skills:
 - Level 2.0 Fighting
 - Level 1.7 Throwing
 - Level 2.6 Dodging
 + Level 4.4 Unarmed Combat


You had 3 spell levels left.
You didn't know any spells.

Dungeon Overview and Level Annotations

Branches:
Dungeon (2/15)

Altars:


Innate Abilities, Weirdness & Mutations

You have sharp toenails.
You are slightly more attuned to the shadows.


Message History

You miss the adder.
The adder is heavily wounded.
The adder bites you.
You closely miss the adder.
The adder is heavily wounded.
The quokka bites you. The adder bites you.
You are poisoned.
The adder poisons you!
You hit the adder but do no damage.
The adder is heavily wounded.
You feel sick. The adder bites you but does no damage.
The quokka bites you but does no damage.
The adder barely misses you. The quokka closely misses you.
You hit the adder.
You kill the adder!
You have reached level 4!
You feel stronger.
Your demonic ancestry asserts itself...
Your toenails lengthen and sharpen.
The quokka closely misses you.
Are you sure you want to abandon this character and quit the game? (Confirm with "yes".)

######
##.....########
#..............
..............#
..............#
........<.....#
..............#
......@r.####..
#........#
..........#
............
.....(....##.
..........#
...........


You could see a quokka.

Vanquished Creatures
  3 adders (D:2)
  An ooze (D:1)
  A worm (D:2)
  A dart slug (D:1)
  A ball python (D:2)
  A giant cockroach (D:1)
  8 goblins
  3 hobgoblins (D:1)
  A bat (D:1)
  8 kobolds
  6 rats
34 creatures vanquished.

Notes
Turn   | Place    | Note
-------+----------+-------------------------------------------
     0 | D:1      | removed the Demonspawn Gladiator began the quest for the Orb.
     0 | D:1      | Reached XP level 1. HP: 16/16 MP: 1/1
   182 | D:1      | Reached skill level 3 in Unarmed Combat
   360 | D:1      | Gained mutation: You are slightly more attuned to the shadows. [demonic ancestry]
   360 | D:1      | Reached XP level 2. HP: 9/22 MP: 2/2
   854 | D:1      | Reached XP level 3. HP: 27/27 MP: 3/3
  1390 | D:2      | Reached skill level 4 in Unarmed Combat
  1725 | D:2      | Gained mutation: You have sharp toenails. [demonic ancestry]
  1725 | D:2      | Reached XP level 4. HP: 25/33 MP: 4/4
  1726 | D:2      | Quit the game

Vault maps used:
D:1:      sevenhm_arrival_forest_fort_small_3
D:2:      hangedman_abyss_or_decor_lesser_grid

Skill      XL: |  1  2  3 |
---------------+----------+-----
Unarmed Combat | 3 4 |  4.4
Fighting       | |  2.0
Throwing       | |  1.7
Dodging        | |  2.6

Action                   |  1- 3 |  4- 6 || total
-------------------------+-------+-------++-------
Melee: Unarmed           |   116 |       ||   116
       Punch             |     2 |       ||     2
 Stab: Sleeping          |     4 |       ||     4
       Distracted        |     1 |       ||     1
  Eat: Chunk             |    11 |       ||    11
Armor: Leather armour    |    34 |       ||    34
Dodge: Dodged            |    79 |     1 ||    80
